 Dungeon Crawl Stone Soup version 0.22-a0-409-gb855193 (webtiles) character file.

192 Borgoz the Shield-Bearer (level 5, -1/33 HPs)
             Began as a Gargoyle Fighter on May 10, 2018.
             Slain by a wight
             ... wielding a cursed +3 morningstar
              (10 damage)
             ... on level 2 of the Dungeon.
             The game lasted 00:02:49 (1020 turns).

Borgoz the Shield-Bearer (Gargoyle Fighter)         Turns: 1020, Time: 00:02:50

Health: -1/33      AC: 13    Str: 24    XL:     5   Next: 71%
Magic:  5/5        EV:  7    Int:  9    God:
Gold:   36         SH: 10    Dex: 10    Spells: 4/4 levels left

rFire    . . .     SeeInvis .   a - +0 war axe
rCold    . . .     Gourm    .   c - +0 shield
rNeg     + . .     Faith    .   b - +0 scale mail
rPois    ∞         Spirit   .   m - +1 helmet
rElec    +         Reflect  .   (no cloak)
rCorr    .         Harm     .   (no gloves)
MR       .....                  (no boots)
Stlth    ..........             g - amulet of the acrobat
HPRegen  0.11/turn              (no ring)
MPRegen  0.09/turn              (no ring)

@: mighty
A: negative energy resistance 1, electricity resistance, unbreathing,
petrification resistance, rot immunity, AC +4
a: no special abilities


You were on level 2 of the Dungeon.
You were not hungry.

You visited 1 branch of the dungeon, and saw 2 of its levels.

You collected 36 gold pieces.

Inventory:

Hand Weapons
 a - a +0 war axe (weapon)
Armour
 b - a +0 scale mail (worn)
 c - a +0 shield (worn)
 m - a +1 helmet (worn)
Jewellery
 g - an amulet of the acrobat (around neck)
Scrolls
 e - 2 scrolls of identify {unknown}
 h - a scroll of remove curse {unknown}
 i - a scroll of immolation {unknown}
 j - a scroll of enchant weapon {unknown}
 n - a scroll of teleportation {unknown}
Potions
 l - a potion of degeneration {unknown}
 o - a potion of magic {unknown}
Comestibles
 f - 5 rations
 k - 8 chunks of flesh


   Skills:
 + Level 3.7 Fighting
 * Level 4.1 Axes
 + Level 3.7 Armour
 + Level 0.3 Dodging
 + Level 4.2 Shields


You had 4 spell levels left.
You didn't know any spells.

Dungeon Overview and Level Annotations

Branches:
Dungeon (2/15)

Altars:


Innate Abilities, Weirdness & Mutations

You are resistant to torment.
Your stone body is resilient. (AC +4)
You are immune to poison.
You resist negative energy. (rN+)
You are resistant to electric shocks. (rElec)
You can survive without breathing.
You are immune to petrification.
You are immune to rotting.


Message History

You hit the wight.
You destroy the wight!
Your Axes skill increases to level 4!
You hit the wight.
The wight hits you with an enchanted morningstar. x2
* * * LOW HITPOINT WARNING * * *
Things that are here:
an enchanted morningstar; a robe You completely miss the wight.
The wight is lightly damaged.
You slash the hobgoblin!
You kill the hobgoblin!
The wight hits you but does no damage. You block the wight's attack.
You barely miss the wight.
The wight is lightly damaged.
The wight hits you but does no damage.
Your scale mail prevents you from hitting the wight.
The wight is lightly damaged.
The wight hits you with an enchanted morningstar!
You die...

..........#.#
.#.......##. .....
.#..#####...#######.....
...#....#.####..........
........#.# #........%.
.#.#.....)# #).......
.#.......## #..>...#
.......<<# #...)..#
.....)...#####)z@...#
......†.........)...#####
....)<...................
).....)...####...........
#.###.......####.#.......
#.###.#.###.# #.#.......
#.#...#.# #.####.#.......
#...##..# #...##.#†......
.... #.## ###...†........


You could see a wight.

Vanquished Creatures
  2 wights (D:2)
  Robin (D:2)
  3 adders (D:2)
  A worm (D:2)
  5 dart slugs (D:1)
  2 ball pythons
  2 giant cockroaches
  15 goblins
  6 hobgoblins
  4 jackals (D:1)
  3 bats
  A frilled lizard (D:1)
  5 kobolds (D:1)
  6 rats
56 creatures vanquished.

Notes
Turn   | Place    | Note
-------+----------+-------------------------------------------
     0 | D:1      | Borgoz the Gargoyle Fighter began the quest for the Orb.
     0 | D:1      | Reached XP level 1. HP: 14/14 MP: 1/1
   118 | D:1      | Reached XP level 2. HP: 19/19 MP: 2/2
   236 | D:1      | Reached XP level 3. HP: 23/23 MP: 3/3
   714 | D:2      | Noticed Robin
   805 | D:1      | Reached XP level 4. HP: 28/28 MP: 4/4
   838 | D:2      | Killed Robin
  1016 | D:2      | Reached XP level 5. HP: 16/33 MP: 5/5
  1020 | D:2      | Slain by a wight

Vault maps used:
D:1:      minmay_arrival_hallway, hangedman_decor_points
D:2:      first_ration, uniq_robin, uniq_terence

Skill      XL: |  1  2  3  4  5 |
---------------+----------------+-----
Axes           | 2 3 4 |  4.1
Shields        | 4 |  4.2
Fighting       | |  3.7
Armour         | |  3.7
Dodging        | |  0.3

Action                   |  1- 3 |  4- 6 || total
-------------------------+-------+-------++-------
Melee: War axe           |    99 |    66 ||   165
  Use: Potion            |       |     1 ||     1
  Eat: Chunk             |       |     1 ||     1
Armor: Scale mail        |    44 |    48 ||    92
Dodge: Dodged            |    27 |    33 ||    60
Block: Shield            |    56 |    39 ||    95

Table legend:
 A = Spawn XP
 B = Non-spawn XP
 C = Spawn XP percentage of total XP
 D = Spawn monster count
 E = Non-spawn monster count
 F = Spawn count percentage of total count
 G = Total turns spent on level
                    A         B        C        D         E        F      G
               +---------+---------+-------+---------+---------+-------+---------
         Total |       0 |     275 |   0.0 |       0 |      56 |   0.0 |  1020
               +---------+---------+-------+---------+---------+-------+---------
           D:1 |       0 |      67 |   0.0 |       0 |      34 |   0.0 |   730
           D:2 |       0 |     208 |   0.0 |       0 |      22 |   0.0 |   290
               +---------+---------+-------+---------+---------+-------+---------
